 Dungeon Crawl Stone Soup version 0.20-a0-1126-g0f15420 (webtiles) character file.

8035 anfisbena the Basher (level 11, -5/89 HPs)
             Began as a Minotaur Fighter on May 17, 2017.
             Was a Believer of the Shining One.
             Slain by an orc warrior
             ... wielding a +3 vampiric halberd
              (12 damage)
             ... on level 10 of the Dungeon.
             The game lasted 00:12:25 (10145 turns).

anfisbena the Basher (Minotaur Fighter)            Turns: 10145, Time: 00:12:26

Health: -5/89      AC: 14    Str: 26      XL:     11   Next: 4%
Magic:  14/14      EV: 12    Int:  4 (5)  God:    the Shining One [**....]
Gold:   478        SH: 13    Dex: 19 (20) Spells: 10/10 levels left

rFire    + . .     SeeInvis +   D - +2 whip (elec)
rCold    . . .     Gourm    .   c - +0 shield
rNeg     + . .     Faith    .   z - +0 plate armour {rF+}
rPois    .         Spirit   .   (helmet restricted)
rElec    .         Reflect  .   (no cloak)
rCorr    +         Harm     .   (no gloves)
MR       +....                  (no boots)
Stlth    ..........             (no amulet)
Regen    0.3/turn               s - ring of see invisible
MPRegen  0.2/turn               u - ring of resist corrosion

@: mighty, agile, glowing
A: retaliatory headbutt, horns 2, agile 1, deterioration 1, frail 1, magic
resistance 1, sense surroundings 1, sturdy frame 1
a: Divine Shield, Renounce Religion


You were on level 10 of the Dungeon.
You worshipped the Shining One.
The Shining One was pleased with you.
You were not hungry.

You visited 2 branches of the dungeon, and saw 11 of its levels.

You collected 478 gold pieces.

Inventory:

Hand Weapons
 D - a +2 whip of electrocution (weapon)
Armour
 c - a +0 shield (worn)
 z - a +0 plate armour of fire resistance (worn)
Jewellery
 m - a +2 ring of slaying {unknown}
 s - a ring of see invisible (left hand)
 t - a +2 ring of strength {unknown}
 u - a ring of resist corrosion (right hand)
Scrolls
 h - 5 scrolls of remove curse {unknown}
 i - 6 scrolls of identify {unknown}
 k - 2 scrolls of enchant weapon {unknown}
 n - a scroll of magic mapping {unknown}
 o - 5 scrolls of teleportation {unknown}
 q - 2 scrolls of amnesia {unknown}
 r - a scroll of random uselessness {unknown}
 v - 2 scrolls of recharging {unknown}
 A - 2 scrolls of noise {unknown}
Potions
 b - a potion of cancellation {unknown}
 e - 6 potions of curing
 g - a potion of brilliance
 p - a potion of might
Comestibles
 a - 10 chunks of flesh
 d - 2 fruits
 f - 9 bread rations
 j - 3 meat rations
 x - 8 royal jellies


   Skills:
 - Level 10.0 Fighting
 - Level 12.0 Maces & Flails
 + Level 9.0 Armour
 + Level 9.0 Shields
 + Level 6.1 Invocations


You had 10 spell levels left.
You didn't know any spells.

Dungeon Overview and Level Annotations

Branches:
Dungeon (10/15)            Temple (1/1) D:6
   Lair: D:8-11         Orc: D:9-12

Altars:
Ashenzari
Cheibriados
Dithmenos
Elyvilon
Fedhas
Gozag
Hepliaklqana
Kikubaaqudgha
Makhleb
Nemelex Xobeh
Okawaru
Qazlal
Ru
Sif Muna
Trog
Uskayaw
Vehumet
Wu Jian
Xom
Yredelemnul
Zin
The Shining One

Shops:
D:6 :   D:7 (


Innate Abilities, Weirdness & Mutations

You reflexively headbutt those who attack you in melee.
You have a pair of horns on your head.
You are agile. (Dex +2)
Your body sometimes deteriorates upon taking damage.
You are frail. (-10% HP)
You are resistant to hostile enchantments. (MR+)
You passively map a small area around you.
Your movements are slightly less encumbered by armour. (ER -2)


Message History

Your Armour skill increases to level 9!
Your Shields skill increases to level 9!
The orc hits you with a flail.
* * * LOW HITPOINT WARNING * * *
You whack the orc! Lightning courses through the orc!
You kill the orc!
You whack the orc!
You kill the orc!
You block the orc warrior's attack.
The two-headed ogre hits you with a giant club!
* * * LOW HITPOINT WARNING * * *
The two-headed ogre hits you with a giant club.
* * * LOW HITPOINT WARNING * * *
You see here a komodo dragon corpse.
You hit the orc warrior.
Lightning courses through the orc warrior!
You headbutt the orc warrior!
The orc warrior is almost dead.
The orc warrior hits you with a vampiric halberd!
You die...

, #...# #..........# ,
#...# #..........#,,* ,
.##, #...# #..........# ,
.....##...####..........#,
?.....o.................#
.##...#......)).........#..
*
#..,#..##o##).........#..##
, #.
#..##oO#.##..###....... , #
#..###@#.##..# ...... ,
,#..# #o#.##..# #....
**#..##.).###..# #..#....
##.##...# #..# #..#.... ,
## ..... #..# #..#...) ,
.......#..# #..#.... *
#..#.#..#..# #..#.)). ,
#.##.##.#..# #..#..). , ,
,#. !.. .#..# #..#..<.


You could see a two-headed ogre, an orc warrior and 2 orcs.

Vanquished Creatures
  2 two-headed ogres (D:8)
  Erica (D:8)
  The ghost of HAL9000 the Carver, a novice GrGl of Uskayaw (D:8)
  The ghost of anet the Magician, a novice DEWz of Ashenzari (D:7)
  A komodo dragon (D:10)
  Prince Ribbit (D:7)
  A hungry ghost (D:7)
  4 hogs (D:7)
  A human (D:7)
  A steam dragon (D:10)
  The ghost of bear the Conjurer, an amateur DEWz (D:3)
  5 ice beasts
  2 orc warriors (D:7)
  A sky beast (D:5)
  A black bear (D:7)
  A phantom (D:6)
  6 ogres
  5 centaurs
  A big kobold (D:4)
  5 bullfrogs
  3 scorpions
  A howler monkey (D:5)
  3 crimson imps
  A bullfrog zombie (D:5)
  2 jellies
  2 hounds
  6 orc priests
  A centaur skeleton (D:9)
  7 orc wizards
  A bullfrog skeleton (D:7)
  6 iguanas
  6 worker ants
  A hound zombie (D:9)
  A worker ant zombie (D:6)
  12 adders
  3 shadow imps
  An ooze (D:1)
  3 adder skeletons
  2 dart slugs
  9 worms
  6 leopard geckos
  37 orcs
  5 bats
  2 giant cockroaches
  11 goblins
  7 hobgoblins
  8 jackals
  24 kobolds
  6 quokkas
  7 frilled lizards
  A jackal skeleton (D:8)
  A leopard gecko zombie (D:4)
  A quokka skeleton (D:5)
  A quokka zombie (D:8)
  4 rats
  A spectral orc (D:8)
235 creatures vanquished.

Vanquished Creatures (others)
  A wizard (D:3)
  4 plants (D:4)
5 creatures vanquished.

Grand Total: 240 creatures vanquished

Notes
Turn   | Place    | Note
-------+----------+-------------------------------------------
     0 | D:1      | anfisbena the Minotaur Fighter began the quest for the Orb.
     0 | D:1      | Reached XP level 1. HP: 19/19 MP: 0/0
   308 | D:1      | Reached XP level 2. HP: 22/27 MP: 1/1
   431 | D:1      | Reached skill level 3 in Maces & Flails
   783 | D:2      | Found a blossoming altar of Fedhas.
   896 | D:2      | Reached XP level 3. HP: 20/34 MP: 2/2
  1266 | D:2      | Found a faded altar of an unknown god.
  1472 | D:2      | Reached skill level 4 in Maces & Flails
  1512 | D:2      | Reached XP level 4. HP: 33/41 MP: 3/3
  1669 | D:2      | Reached skill level 5 in Fighting
  1897 | D:3      | Noticed bear's ghost (amateur DEWz)
  1909 | D:3      | Killed bear's ghost
  1909 | D:3      | Reached skill level 5 in Maces & Flails
  1909 | D:3      | Reached XP level 5. HP: 24/50 MP: 4/4
  2522 | D:3      | Found a bloodstained altar of Trog.
  2523 | D:3      | Noticed a wizard
  2529 | D:3      | Killed a wizard
  3175 | D:4      | Reached XP level 6. HP: 53/58 MP: 5/5
  3411 | D:4      | Reached skill level 6 in Maces & Flails
  4078 | D:4      | Found a shimmering altar of Xom.
  4079 | D:4      | Found a hazy altar of Hepliaklqana.
  4079 | D:4      | Noticed a yak
  4080 | D:4      | Noticed a spectral ugly thing
  4080 | D:4      | Noticed a yak
  4397 | D:5      | Entered Level 5 of the Dungeon
  4405 | D:5      | Reached XP level 7. HP: 62/66 MP: 6/6
  4458 | D:5      | Found a blossoming altar of Fedhas.
  4538 | D:5      | Reached skill level 7 in Maces & Flails
  4719 | D:5      | Found a glowing silver altar of Zin.
  4723 | D:5      | Found a deep blue altar of Sif Muna.
  4893 | D:5      | Found an iron altar of Okawaru.
  5335 | D:5      | Found a glowing golden altar of the Shining One.
  5494 | D:5      | Reached skill level 8 in Maces & Flails
  5663 | D:5      | Gained mutation: Your body sometimes deteriorates upon taking damage. [mutagenic meat]
  5664 | D:5      | Gained mutation: You are frail. (-10% HP) [mutagenic meat]
  5665 | D:5      | Gained mutation: You passively map a small area around you. [mutagenic meat]
  5666 | D:5      | Gained mutation: Your movements are slightly less encumbered by armour. (ER -2) [mutagenic meat]
  5667 | D:5      | Gained mutation: You are agile. (Dex +2) [mutagenic meat]
  5668 | D:5      | Gained mutation: You are resistant to hostile enchantments. (MR+) [mutagenic meat]
  5852 | D:6      | Reached XP level 8. HP: 67/67 MP: 7/7
  5899 | D:6      | Reached skill level 9 in Maces & Flails
  5966 | D:6      | Found Tocria's Book Shop.
  6063 | D:6      | Found a staircase to the Ecumenical Temple.
  6076 | Temple   | Entered the Ecumenical Temple
  6282 | D:5      | Became a worshipper of the Shining One
  6389 | D:6      | Reached skill level 10 in Maces & Flails
  6826 | D:7      | Noticed anet's ghost (novice DEWz)
  6829 | D:7      | Noticed Prince Ribbit
  6868 | D:7      | Killed anet's ghost
  6868 | D:7      | Reached skill level 11 in Maces & Flails
  6868 | D:7      | Reached XP level 9. HP: 44/76 MP: 8/8
  6876 | D:7      | Killed Prince Ribbit
  6876 | D:7      | Reached skill level 10 in Fighting
  7205 | D:7      | Found Rerot's Weapon Emporium.
  7339 | D:7      | Reached * piety under the Shining One
  7639 | D:7      | Reached skill level 5 in Shields
  7641 | D:7      | Reached skill level 12 in Maces & Flails
  7690 | D:7      | Reached skill level 5 in Armour
  7696 | D:7      | Reached skill level 1 in Invocations
  7929 | D:7      | Reached XP level 10. HP: 68/83 MP: 9/11
  8107 | D:8      | Noticed a two-headed ogre
  8111 | D:8      | Killed a two-headed ogre
  8120 | D:8      | Noticed HAL9000's ghost (novice GrGl)
  8320 | D:8      | Killed HAL9000's ghost
  8686 | D:8      | Found a basalt altar of Yredelemnul.
  8702 | D:8      | Noticed a two-headed ogre
  8703 | D:8      | Noticed Erica
  8708 | D:8      | Killed a two-headed ogre
  8713 | D:8      | Killed Erica
  8713 | D:8      | Reached skill level 5 in Invocations
  8719 | D:8      | Found a shimmering altar of Xom.
  8899 | D:8      | Found a shimmering altar of Xom.
  8968 | D:8      | Found a shimmering altar of Xom.
  8976 | D:8      | Found a shimmering altar of Xom.
  8976 | D:8      | Found a shimmering altar of Xom.
  8976 | D:8      | Found a shimmering altar of Xom.
  8977 | D:8      | Found a shimmering altar of Xom.
  8978 | D:8      | Found a shimmering altar of Xom.
  9203 | D:8      | Found a radiant altar of Vehumet.
  9289 | D:8      | Reached ** piety under the Shining One
  9427 | D:9      | Found a burning altar of Makhleb.
  9818 | D:9      | Found a white marble altar of Elyvilon.
  9848 | D:9      | Found an ornate altar of the Wu Jian Council.
  9967 | D:10     | Entered Level 10 of the Dungeon
 10117 | D:10     | Reached XP level 11. HP: 85/89 MP: 14/14
 10119 | D:10     | Noticed a two-headed ogre
 10145 | D:10     | Slain by an orc warrior

Vault maps used:
D:1:      matt_arrival_refuge
D:2:      fedhas_altar_2, first_bread, chequers_ecumenical_altar_island,
          minmay_misc_feat_pillars
D:3:      trog_wizard
D:4:      kennysheep_kobold_camp, regret_index_temple_of_mockery
D:5:      overflow_temple_1_default, gammafunk_temple_overflow_forgotten,
          basic_altar, grunt_ministairs_10
D:6:      minmay_temple_entry_enclosed_plants, serial_shops, shop,
          kennysheep_diamond
D:7:      serial_shops, nicolae_shop_statue_plus, grunt_livestock,
          uniq_prince_ribbit1
D:8:      kennysheep_little_box, yredelemnul_forgotten_temple_becter,
          columned_hall_lemuel, xom_redecorated, uniq_erica
D:9:      elyvilon_altar_3, lemuel_crystal_altar, nicolae_overflow_crystal_walls
D:10:     david_orc_1_choice
Temple:   eino_temple_lava

Skill      XL: |  1  2  3  4  5  6  7  8  9 10 11 |
---------------+----------------------------------+-----
Fighting       | 4 5 6 7 8 9 10 | 10.0
Maces & Flails | 3 4 5 6 8 11 12 | 12.0
Armour         | 6 8 9 |  9.0
Shields        | 6 8 9 |  9.0
Invocations    | 2 6 |  6.1

Action                   |  1- 3 |  4- 6 |  7- 9 | 10-12 || total
-------------------------+-------+-------+-------+-------++-------
Melee: Flail             |   109 |   212 |    58 |       ||   379
       Headbutt          |     8 |    43 |    67 |    41 ||   159
       Whip              |       |       |   283 |   154 ||   437
  Use: Potion            |       |     2 |     8 |     4 ||    14
  Eat: Chunk             |     2 |     9 |    20 |     7 ||    38
Armor: Scale mail        |    36 |    42 |       |       ||    78
       Plate armour      |       |    66 |   146 |    33 ||   245
Dodge: Dodged            |    37 |    31 |    50 |    19 ||   137
Block: Shield            |    50 |   111 |   109 |    59 ||   329
